 Seeded DCSS version 0.31-a0-810-ga77100ea1a (webtiles) character file.

Game seed: 7675213799449126042 (custom seed)

2781 bmack86 the Cleaver (level 9, -15/70 HPs)
             Began as a Minotaur Fighter on Sept 22, 2023.
             Was an Initiate of Okawaru.
             Killed by the air
             ... invoked by Gastronok
              (26 damage)
             ... on level 8 of the Dungeon.
             The game lasted 00:14:58 (6604 turns).

bmack86 the Cleaver (Minotaur Fighter)              Turns: 6604, Time: 00:14:58

Health: -15/70     AC: 13    Str: 25    XL:     9   Next: 43%
Magic:  10/10      EV:  8    Int:  5    God:    Okawaru [......]
Gold:   479        SH:  5    Dex: 10    Spells: 8/8 levels left

rFire   . . .        a - +0 war axe
rCold   . . .        c - +0 buckler
rNeg    . . .        n - +0 chain mail
rPois   .            (helmet restricted)
rElec   .            (no cloak)
rCorr   +            h - +0 pair of gloves
SInv    .            e - +2 pair of boots
Will    .....        F - amulet of regeneration Stlth
                     i - ring of resist corrosion
HPRegen 1.11/turn    (no ring)
MPRegen 0.12/turn

%: no passive effects
@: hasted, very quick
A: horns 2, retaliatory headbutt
a: Renounce Religion


You were on level 8 of the Dungeon.
You worshipped Okawaru.
Okawaru was noncommittal.
You visited 2 branches of the dungeon, and saw 9 of its levels.
You also visited: Sewer.

You collected 479 gold pieces.

Inventory:

Hand Weapons
 a - a +0 war axe (weapon)
Missiles
 o - 9 javelins
 s - 3 curare-tipped darts
 B - 4 throwing nets
Armour
 b - a +0 scale mail
 c - a +0 buckler (worn)
 e - a +2 pair of boots (worn)
 h - a +0 pair of gloves (worn)
 n - a +0 chain mail (worn)
Jewellery
 i - a ring of resist corrosion (left hand)
 y - a ring of magical power
 F - an amulet of regeneration (around neck)
Wands
 z - a wand of flame (10) (quivered)
 D - a wand of charming (9)
 I - a wand of roots (2)
Scrolls
 f - a scroll of torment
 g - 2 scrolls of noise
 k - a scroll of teleportation {unknown}
 p - 2 scrolls of blinking {unknown}
 r - 3 scrolls of fog
 t - 2 scrolls of amnesia {unknown}
 A - a scroll of enchant armour {unknown}
 C - a scroll of fear {unknown}
 E - a scroll of acquirement {unknown}
 H - a scroll of immolation {unknown}
Potions
 d - 2 potions of might
 j - 3 potions of enlightenment
 l - 3 potions of curing
 m - 2 potions of attraction
 q - a potion of berserk rage
 u - 2 potions of invisibility
 v - a potion of brilliance
 w - a potion of magic
 G - a potion of heal wounds {unknown}
 J - a potion of mutation {unknown}


   Skills:
 - Level 3.6 Fighting
 + Level 14.6 Axes
 - Level 3.6 Armour
 - Level 5.0 Shields
 + Level 2.8 Invocations


You had 8 spell levels left.
You didn't know any spells.
Your spell library contained the following spells:

 Spells                   Type           Power      Damage    Failure   Level
 Freeze                   Ice            0%         1d3       97%         1
 Cigotuvi's Dreadful Rot  Necr/Pois/Air  0%         N/A       99%         2
 Frozen Ramparts          Ice            0%         1d1       100%        3
 Hailstorm                Conj/Ice       0%         3d3       100%        3
 Dispel Undead            Necr           0%         3d6       100%        4
 Death Channel            Necr           Unusable   N/A       N/A         6

Dungeon Overview and Level Annotations

Branches:
Dungeon (8/15)             Temple (1/1) D:7           Sewer (visited)
   Lair: D:8-11

Altars:
Ashenzari
Cheibriados
Dithmenos
Elyvilon
Fedhas
Gozag
Kikubaaqudgha
Makhleb
Okawaru
Qazlal
Ru
Sif Muna
Trog
Vehumet
Wu Jian
Xom
Yredelemnul
Zin
The Shining One

Shops:
D:4 :   D:6 :([(

Annotations:
D:8 Gastronok
Temple 2 transporters


Innate Abilities, Weirdness & Mutations

You have a pair of horns on your head.
You reflexively headbutt those who attack you in melee.


Message History

Gastronok bites you.
You slash Gastronok!
Gastronok is heavily wounded.
You block the bat's attack.
You hit Gastronok.
Gastronok is heavily wounded.
You slash the bat!
You kill the bat!
The bat's corpse disappears in a puff of smoke!
You hit Gastronok.
Gastronok is heavily wounded.
You block Gastronok's attack.
You hit Gastronok. You headbutt Gastronok!
Gastronok is severely wounded.
You hit Gastronok but do no damage.
Gastronok is severely wounded.
Gastronok bites you!
You hit Gastronok but do no damage. You headbutt Gastronok.
Gastronok is severely wounded.
You slash Gastronok!
Gastronok is severely wounded.
You slash Gastronok!
Gastronok is severely wounded.
Gastronok's eyestalks quiver as he mumbles some strange words.
Gastronok puts on a burst of speed!
You slash Gastronok! Your headbutt misses Gastronok.
Gastronok is almost dead.
You hit Gastronok.
Gastronok is almost dead.
Gastronok bites you!!
* * * LOW HITPOINT WARNING * * *
You hit Gastronok but do no damage.
Gastronok is almost dead.
You slash Gastronok!
Gastronok is almost dead.
You feel yourself speed up.
Gastronok waves his eye-stalks in wide circles.
The air twists around and strikes you!!
You die...
Gastronok gurgles, "Let's see if you taste as good as that wizard did."

. . #######.
#......#
#......+
..#......#
.##.....w##
###.###+#..@.#
+.......#....#
#.......#....#
#.......#....#
#.......#....#
#.<.#
#....#####
#...#
##.......#
#...#
#.......#
#...+
#.......#


You could see Gastronok (swift).

Vanquished Creatures
  A troll (D:7)
  A hornet (D:7)
  A wyvern (D:8)
  A water moccasin (D:7)
  3 ice beasts
  3 black bears
  A sky beast (D:7)
  2 centaurs
  A phantom (D:5)
  3 kobold brigands (Sewer)
  A bullfrog (D:8)
  2 scorpions
  A howler monkey (D:5)
  2 orc priests
  4 jellies
  3 hounds
  2 orc wizards
  21 gnolls
  2 river rats
  12 adders
  A shadow imp (D:8)
  A white imp (D:6)
  2 worms
  2 dart slugs
  16 orcs
  11 ball pythons
  12 bats
  6 endoplasms
  3 giant cockroaches
  7 goblins
  4 hobgoblins
  4 jackals
  3 quokkas
  11 frilled lizards
  8 kobolds
  10 rats
168 creatures vanquished.

Vanquished Creatures (others)
  An orc priest (D:3)
  An orc wizard (D:5)
2 creatures vanquished.

Grand Total: 170 creatures vanquished

Notes
Turn   | Place    | Note
-------+----------+-------------------------------------------
     0 | D:1      | bmack86 the Minotaur Fighter began the quest for the Orb.
     0 | D:1      | Reached XP level 1. HP: 19/19 MP: 0/0
   242 | D:1      | Reached XP level 2. HP: 25/26 MP: 1/1
   480 | D:1      | Reached skill level 3 in Axes
   574 | D:1      | Found a faded altar of an unknown god.
   769 | D:2      | Identified the +0 robe "Hoxzor" {rF+ Int-5 SInv Archmagi}
   783 | D:2      | Reached XP level 3. HP: 31/31 MP: 2/2
   874 | D:2      | Reached skill level 5 in Shields
  1132 | D:2      | Reached skill level 4 in Axes
  1132 | D:2      | Reached XP level 4. HP: 28/39 MP: 3/3
  1878 | D:3      | Reached skill level 5 in Axes
  1878 | D:3      | Found a glowing drain.
  1897 | Sewer    | Entered a sewer
  1903 | Sewer    | Noticed a kobold brigand
  1915 | Sewer    | Killed a kobold brigand
  1916 | Sewer    | Reached skill level 6 in Axes
  1916 | Sewer    | Reached XP level 5. HP: 30/45 MP: 4/4
  2118 | Sewer    | Reached skill level 7 in Axes
  2118 | Sewer    | Reached XP level 6. HP: 43/51 MP: 5/5
  2567 | D:3      | Reached skill level 8 in Axes
  2574 | D:3      | Found a blossoming altar of Fedhas.
  3129 | D:4      | Found Caath's Book Emporium.
  3159 | D:4      | Reached XP level 7. HP: 54/57 MP: 6/6
  3173 | D:4      | Reached skill level 9 in Axes
  3416 | D:4      | Found a radiant altar of Vehumet.
  4007 | D:5      | Entered Level 5 of the Dungeon
  4140 | D:5      | Reached skill level 10 in Axes
  4146 | D:5      | Identified the +0 ring mail of Untold Secrets {Regen+
                  | Int+4}
  4158 | D:5      | Reached XP level 8. HP: 43/64 MP: 7/7
  4247 | D:5      | Reached skill level 11 in Axes
  4849 | D:6      | Found Junyox's Weapon Shop.
  4860 | D:6      | Found a basalt altar of Yredelemnul.
  4897 | D:6      | Found Suxuff's Weapon Shoppe.
  4969 | D:6      | Found Wukis's Book Boutique.
  5115 | D:6      | Found Pularphua's Antique Armour Emporium.
  5311 | D:6      | Found an ornate altar of the Wu Jian Council.
  5378 | D:6      | Reached skill level 12 in Axes
  5511 | D:7      | Noticed a troll
  5525 | D:7      | Killed a troll
  5579 | D:7      | Reached skill level 13 in Axes
  5709 | D:7      | Reached XP level 9. HP: 68/70 MP: 8/8
  5795 | D:7      | Found a staircase to the Ecumenical Temple.
  5806 | D:7      | Reached skill level 14 in Axes
  5812 | Temple   | Found a transporter.
  5812 | Temple   | Found a transporter.
  5812 | Temple   | Found a transporter.
  5812 | Temple   | Found a transporter.
  5812 | Temple   | Entered the Ecumenical Temple
  5829 | Temple   | Became a worshipper of Warmaster Okawaru
  6008 | D:7      | Reached skill level 1 in Invocations
  6580 | D:8      | Noticed Gastronok
  6604 | D:8      | Killed from afar by Gastronok

Illustrated notes

Levels and vault maps discovered:
D:1:      dpeg_arrival_another_circle, layout_loops_ring,
          shapermc_ecumenical_altar_mp_highgroup
D:2:      layout_basic, minmay_surrounded
D:3:      layout_basic, mainiacjoe_overflow_tiny_flanked, portal_sewer_entry_b,
          grunt_decor_junction
D:4:      layout_cave_pods, vehumet_altar_wand_db, serial_shops,
          nicolae_lakefront_shop
D:5:      layout_cave_pools
D:6:      layout_gridville, mainiacjoe_overflow_concentric_impassable,
          lemuel_doored_altar, serial_shops, nicolae_shop_real_fake_doors, shop,
          shop, shop
D:7:      layout_gridville, minmay_temple_entry_statues
D:8:      layout_gridville, minmay_door_square, minmay_misc_feat_secret_circle,
          uniq_gastronok
Temple:   hellmonk_temple_divided_pantheon

Skill      XL: |  1  2  3  4  5  6  7  8  9 |
---------------+----------------------------+-----
Shields        | 4 5 |  5.0
Axes           | 3 4 6 7 8 10 13 14 | 14.6
Invocations    | 2 |  2.8
Fighting       | |  3.6
Armour         | |  3.6

Action                     |  1- 3 |  4- 6 |  7- 9 || total
---------------------------+-------+-------+-------++-------
  Melee: War axe           |    78 |   129 |   218 ||   425
         Headbutt          |     6 |    34 |    32 ||    72
  Throw: Dart              |       |     3 |       ||     3
    Use: Scroll            |       |     4 |     7 ||    11
         Potion            |       |       |     2 ||     2
 Armour: Scale mail        |    70 |    81 |       ||   151
         Chain mail        |       |     7 |   243 ||   250
  Dodge: Dodged            |    42 |    77 |    88 ||   207
  Block: Buckler           |    15 |    30 |    61 ||   106

Table legend: (Time is in decaauts)
 A = Elapsed time spent in this place.
 B = Non-inter-level travel time spent in this place.
 C = Inter-level travel time spent in this place.
 D = Time resting spent in this place.
 E = Time spent auto-exploring this place.
 F = Levels seen in this place.
 G = Mean time per level.
                   A        B        C        D        E       F      G
               +--------+--------+--------+--------+--------+-----+--------+
         Total |   6774 |   6576 |    198 |     97 |   4719 |  10 |  677.4 |
       Dungeon |   6003 |   5805 |    198 |     97 |   4218 |   8 |  750.4 |
        Temple |     36 |     36 |      0 |      0 |      0 |   1 |   36.0 |
         Sewer |    735 |    735 |      0 |      0 |    501 |   1 |  735.0 |
               +--------+--------+--------+--------+--------+-----+--------+

Top non-repeatable levels by time:
     D:7: 989 daAuts
     D:2: 937 daAuts
     D:4: 903 daAuts
     D:3: 846 daAuts
     D:5: 829 daAuts
     D:1: 775 daAuts
   Sewer: 735 daAuts
     D:6: 605 daAuts
     D:8: 116 daAuts
  Temple: 36 daAuts
